 Dungeon Crawl Stone Soup version 0.32-a0-918-g0f22ef8d61 (webtiles) character file.

Game seed: 15605780079304368176

29 LlamaRama1234 the Changeling (level 3, 0/26 HPs)
             Began as a Merfolk Shapeshifter on Apr 11, 2024.
             Was a High Priest of Ignis.
             Killed from afar by Natasha (3 damage)
             ... with a magic dart
             ... on level 2 of the Dungeon.
             The game lasted 00:02:37 (1096 turns).

LlamaRama1234 the Changeling (Merfolk Shapeshifter) Turns: 1096, Time: 00:02:38

Health: 0/26       AC:  2    Str: 22    XL:     3   Next: 16%
Magic:  3/3        EV: 12    Int:  9    God:    Ignis [*****.]
Gold:   61         SH:  0    Dex: 13    Spells: 2/2 levels left

rFire   + .          .
                       - Unarmed
rCold   . . .        (no shield)
rNeg    . . .        a - +0 animal skin
rPois   .            (helmet currently unavailable)
rElec   .            (cloak currently unavailable)
rCorr   .            (gloves currently unavailable)
SInv    .            (boots currently unavailable)
Will    .....        (no amulet)
Stlth   +            h - +6 ring of strength
HPRegen 0.24/turn    (no ring)
MPRegen 0.08/turn

%: no passive effects
@: beast-form
A: beast (slay +2), (nimble swimmer 2), mertail
a: Begin Untransformation, Renounce Religion, Fiery Armour, Foxfire Swarm,
Rising Flame


You were on level 2 of the Dungeon.
You worshipped Ignis.
Ignis was extremely pleased with you.
You were a hulking beast.
You visited 1 branch of the dungeon, and saw 2 of its levels.

You collected 61 gold pieces.

Inventory:

Armour
 a - a +0 animal skin (worn)
Jewellery
 h - a +6 ring of strength (left hand)
 i - an amulet of reflection
Talismans
 c - a beast talisman (active)
 d - a flux talisman
Scrolls
 e - a scroll of enchant weapon {unknown}
 f - 2 scrolls of enchant armour {unknown}
 g - a scroll of teleportation {unknown}
Potions
 b - a potion of lignification


   Skills:
 - Level 1.5 Fighting
 + Level 3.2 Dodging
 + Level 3.6 Unarmed Combat
 * Level 4.6 Shapeshifting


You had 2 spell levels left.
You didn't know any spells.
Your spell library contained the following spells:

 Spells                   Type           Power      Damage    Failure   Level
 Blink                    Tloc           0%         N/A       52%         2
 Lesser Beckoning         Tloc           0%         N/A       52%         2
 Momentum Strike          Conj/Tloc      0%         3d8       52%         2
 Hailstorm                Conj/Ice       0%         3d5       77%         3
 Summon Ice Beast         Ice/Summ       0%         N/A       77%         3
 Permafrost Eruption      Ice/Erth       0%         2x4d1     100%        6
 Sculpt Simulacrum        Ice/Alch       0%         N/A       100%        6


Dungeon Overview and Level Annotations

Branches:
Dungeon (2/15)

Altars:
Ignis

Annotations:
D:2 Natasha


Innate Abilities, Weirdness & Mutations

You are a hulking beast.
Your limbs bulge with bestial killing power. (Slay +2)
((You are very nimble when in or above water. (Stealth+, EV+, Speed+++)))
Your lower body shifts to a powerful aquatic tail in water.


Message History

You see here a +0 spear.
You see here an orb of energy.
A goblin comes into view. It is wielding a +0 dagger.
Found 16 gold pieces.
A goblin is nearby!
A goblin is nearby!
You punch the goblin!
You kill the goblin!
You see here a +0 dagger.
You now have 61 gold pieces (gained 16).
Found a stone staircase leading up.
You pick up a book of the Tundra and begin reading...
You add the spells Hailstorm, Summon Ice Beast, Permafrost Eruption and Sculpt Simulacrum to your library.
There is a stone staircase leading up here.
Natasha, Servant of Life and Death comes into view.
Natasha hisses angrily.
Natasha mumbles some strange words.
The cerulean imp hits you from afar with a +1 spear.
Natasha barely misses you.
The cerulean imp hits you from afar with a +1 spear.
You punch Natasha!
Natasha is heavily wounded.
Natasha claws you. The cerulean imp closely misses you.
You barely miss Natasha.
Natasha is heavily wounded.
Natasha claws you!
The cerulean imp hits you from afar with a +1 spear.
* * * LOW HITPOINT WARNING * * *
You hit Natasha.
Natasha is almost dead.
Natasha barely misses you.
You closely miss Natasha.
Natasha is almost dead.
The cerulean imp hits you from afar with a +1 spear.
* * * LOW HITPOINT WARNING * * *
Natasha casts a spell at you. The magic dart hits you.
You die...
Natasha curls up and begins to purr.
Ignis goes out, and joins you in death.

...# #.# #.<#
....# #.#
#..########
###.# #.
#..........
.#
##.........
.# #.#######.
.. ##.## ..
##...## ...
###.#.....###
.....5.h....#
###.#..h..#.#
#.##...##.# #
....# #
#....# #.#.#.
#.#...
#.###..


You could see Natasha and a cerulean imp (summoned).

Vanquished Creatures
  A dart slug (D:1)
  3 ball pythons (D:1)
  8 goblins
  3 hobgoblins
  A kobold (D:1)
  2 quokkas (D:1)
  A bat (D:1)
  A frilled lizard (D:1)
  4 rats (D:1)
24 creatures vanquished.

Notes
Turn   | Place    | Note
-------+----------+-------------------------------------------
     0 | D:1      | LlamaRama1234 the Merfolk Shapeshifter began the quest for
                  | the Orb.
     0 | D:1      | Reached XP level 1. HP: 15/15 MP: 1/1
   102 | D:1      | Found a faded altar of an unknown god.
   110 | D:1      | Reached XP level 2. HP: 21/21 MP: 2/2
   124 | D:1      | Prayed at the altar of an unknown god.
   124 | D:1      | Became a worshipper of Ignis, the Dying Flame
   593 | D:1      | Reached XP level 3. HP: 20/26 MP: 3/3
  1089 | D:2      | Noticed Natasha
  1096 | D:2      | Killed from afar by Natasha

Illustrated notes

Levels and vault maps discovered:
D:1:      dpeg_arrival_triangle_fractal, layout_loops_ring,
          chequers_ecumenical_altar_simple_redux
D:2:      layout_loops_ring, uniq_robin, uniq_natasha

Skill      XL: |  1  2 |
---------------+-------+-----
Dodging        | 3 |  3.2
Fighting       | |  1.5
Unarmed Combat | |  3.6
Shapeshifting  | |  4.6

Action                     || total
---------------------------++-------
  Melee: Unarmed           ||    52
         Punch             ||     1
 Armour: Animal skin       ||    28
  Dodge: Dodged            ||    27

Table legend: (Time is in decaauts)
 A = Elapsed time spent in this place.
 B = Non-inter-level travel time spent in this place.
 C = Inter-level travel time spent in this place.
 D = Time resting spent in this place.
 E = Time spent auto-exploring this place.
 F = Levels seen in this place.
 G = Mean time per level.
                   A        B        C        D        E       F      G
               +--------+--------+--------+--------+--------+-----+--------+
         Total |   1092 |    985 |    107 |      0 |    843 |   2 |  546.0 |
       Dungeon |   1092 |    985 |    107 |      0 |    843 |   2 |  546.0 |
               +--------+--------+--------+--------+--------+-----+--------+

Top non-repeatable levels by time:
     D:1: 922 daAuts
     D:2: 169 daAuts
